BR (22 & UNDER)
PUEBLO PRAIRIE DOGS @ WASHINGTON DC HOT SAUCE
09/18/2028
 
TOP OF THE 1ST
Pueblo Prairie Dogs batting - Pitching for Washington DC Hot Sauce : RHP Ignacio Rodríguez
Pitching: RHP Ignacio Rodríguez
Batting: RHB Steve Murphy 0-0: Called Strike
0-1: Ball
1-1: Foul Ball, location: 2F
1-2: Ball
2-2: Ball
3-2: Ground out 1-3 (Groundball, 15)
Batting: RHB Dan Crowder 0-0: Swinging Strike
0-1: Ball
1-1: Ground out 6-3 (Groundball, 6)
Batting: RHB Clancy Castro 0-0: Called Strike
0-1: Ball
1-1: Swinging Strike
1-2: Ball
2-2: Foul Ball, location: 2F
2-2: Foul Ball, location: 2F
2-2: Foul Ball, location: 2F
2-2: Foul Ball, location: 2F
2-2: Foul Ball, location: 2F
2-2: Strikes out swinging
Top of the 1st over - 0 run(s), 0 hit(s), 0 error(s), 0 left on base; Pueblo 0 - Washington DC 0
BOTTOM OF THE 1ST
Washington DC Hot Sauce batting - Pitching for Pueblo Prairie Dogs : RHP Cristo Balderas
Pitching: RHP Cristo Balderas
Batting: RHB Gonzalo García 0-0: Foul Ball, location: 2F
0-1: Ball
1-1: Called Strike
1-2: Foul Ball, location: 2F
1-2: Ground out 3-1 (Groundball, 34)
Batting: RHB Rafael Cardenas 0-0: Ball
1-0: Ground out 4-3 (Groundball, 4)
Batting: LHB Vernon Hill 0-0: Swinging Strike
0-1: Foul Ball, location: 2F
0-2: Ball
1-2: Fly out, F7 (Flyball, 7S)
Bottom of the 1st over - 0 run(s), 0 hit(s), 0 error(s), 0 left on base; Pueblo 0 - Washington DC 0
TOP OF THE 2ND
Pueblo Prairie Dogs batting - Pitching for Washington DC Hot Sauce : RHP Ignacio Rodríguez
Batting: RHB José Zumaya 0-0: Ball
1-0: Ball
2-0: Ball
3-0: Called Strike
3-1: Base on Balls
Batting: RHB David Adams 0-0: Fly out, F2 (Popup, 23)
Batting: RHB Manny Herrera 0-0: Called Strike
0-1: Called Strike
0-2: Strikes out swinging
Batting: RHB Carlos Villagrama 0-0: Ball
1-0: Called Strike
1-1: Called Strike
1-2: Foul Ball, location: 2F
1-2: Strikes out swinging
Top of the 2nd over - 0 run(s), 0 hit(s), 0 error(s), 1 left on base; Pueblo 0 - Washington DC 0
BOTTOM OF THE 2ND
Washington DC Hot Sauce batting - Pitching for Pueblo Prairie Dogs : RHP Cristo Balderas
Batting: RHB Jesús García 0-0: Ball
1-0: Called Strike
1-1: Swinging Strike
1-2: Ground out 4-3 (Groundball, 4S)
Batting: SHB Jesús Miranda 0-0: Called Strike
0-1: Foul Ball, location: 2F
0-2: Foul Ball, location: 2F
0-2: Ball
1-2: Ball
2-2: Ground out 4-3 (Groundball, 4)
Batting: RHB Martín Flores 0-0: Ball
1-0: Foul Ball, location: 2F
1-1: Fly out, F5 (Line Drive, 5)
Bottom of the 2nd over - 0 run(s), 0 hit(s), 0 error(s), 0 left on base; Pueblo 0 - Washington DC 0
TOP OF THE 3RD
Pueblo Prairie Dogs batting - Pitching for Washington DC Hot Sauce : RHP Ignacio Rodríguez
Batting: RHB Eric Barthorpe 0-0: SINGLE (Groundball, 56D)
Batting: RHB Jared Williamson 0-0: Ball
1-0: Fly out, F7 (Flyball, 7)
Batting: RHB Steve Murphy 0-0: Called Strike
0-1: Ball
1-1: Ball
2-1: Ground out 4-3 (Groundball, 4S)
Eric Barthorpe to second
Batting: RHB Dan Crowder 0-0: DOUBLE (Line Drive, 78M)
Eric Barthorpe scores
Batting: RHB Clancy Castro 0-0: Called Strike
0-1: Ball
1-1: Foul Ball, location: 2F
1-2: Strikes out swinging
Top of the 3rd over - 1 run(s), 2 hit(s), 0 error(s), 1 left on base; Pueblo 1 - Washington DC 0
BOTTOM OF THE 3RD
Washington DC Hot Sauce batting - Pitching for Pueblo Prairie Dogs : RHP Cristo Balderas
Batting: RHB Tim Church 0-0: Ball
1-0: SINGLE (Line Drive, 78M)
Batting: SHB Ethan Finley 0-0: Fielders Choice at 2nd, 4-6 (Groundball, 4)
Batting: SHB Jack Hendrix 0-0: Ball
1-0: Ball
Ethan Finley steals 2nd base
2-0: Foul Ball, location: 2F
2-1: Called Strike
2-2: Ball
3-2: Strikes out looking
Batting: RHB Gonzalo García 0-0: Ball
1-0: Ball
2-0: Foul Ball, location: 2F
2-1: Foul Ball, location: 2F
2-2: Ball
3-2: SINGLE (Groundball, 5D)
Ethan Finley to third
Ethan Finley scores
Batting: RHB Rafael Cardenas 0-0: Ball
1-0: Foul Ball, location: 2F
1-1: Ball
2-1: Ball
3-1: Called Strike
3-2: Fly out, F7 (Flyball, 7)
Bottom of the 3rd over - 1 run(s), 2 hit(s), 0 error(s), 1 left on base; Pueblo 1 - Washington DC 1
TOP OF THE 4TH
Pueblo Prairie Dogs batting - Pitching for Washington DC Hot Sauce : RHP Ignacio Rodríguez
Batting: RHB José Zumaya 0-0: Fly out, F7 (Flyball, 78S)
Batting: RHB David Adams 0-0: SINGLE (Line Drive, 4MD)
Batting: RHB Manny Herrera 0-0: Called Strike
0-1: Foul Ball, location: 2F
0-2: Grounds into double play, 4-6-3 (Groundball, 4D)
Top of the 4th over - 0 run(s), 1 hit(s), 0 error(s), 0 left on base; Pueblo 1 - Washington DC 1
BOTTOM OF THE 4TH
Washington DC Hot Sauce batting - Pitching for Pueblo Prairie Dogs : RHP Cristo Balderas
Batting: LHB Vernon Hill 0-0: Ball
1-0: Foul Ball, location: 2F
1-1: Foul Ball, location: 2F
1-2: Fly out, F8 (Flyball, 8RM)
Batting: RHB Jesús García 0-0: Ball
1-0: Foul Ball, location: 2F
1-1: Ball
2-1: Ball
3-1: Base on Balls
Batting: SHB Jesús Miranda 0-0: Called Strike
0-1: Ball
1-1: Called Strike
1-2: Strikes out swinging
Batting: RHB Martín Flores 0-0: Called Strike
0-1: Called Strike
0-2: Ball
1-2: Ball
2-2: Ball
3-2: Fly out, F7 (Flyball, 7S)
Bottom of the 4th over - 0 run(s), 0 hit(s), 0 error(s), 1 left on base; Pueblo 1 - Washington DC 1
TOP OF THE 5TH
Pueblo Prairie Dogs batting - Pitching for Washington DC Hot Sauce : RHP Ignacio Rodríguez
Batting: RHB Carlos Villagrama 0-0: Ball
1-0: Swinging Strike
1-1: Ball
2-1: Ball
3-1: Foul Ball, location: 2F
3-2: Strikes out swinging
Batting: RHB Eric Barthorpe 0-0: SINGLE (Line Drive, 7LS)
Batting: RHB Jared Williamson 0-0: Called Strike
0-1: Ball
Wild Pitch!
Eric Barthorpe to second
1-1: Ball
2-1: DOUBLE (Line Drive, 8LD)
Eric Barthorpe scores
Batting: RHB Steve Murphy 0-0: Called Strike
0-1: Ball
1-1: SINGLE (Line Drive, 7LS)
Jared Williamson to third
Batting: RHB Dan Crowder 0-0: Ball
Steve Murphy is caught stealing 2nd base
1-0: SINGLE (Groundball, 6D)
Jared Williamson scores
Batting: RHB Clancy Castro 0-0: Ball
1-0: Swinging Strike
1-1: Called Strike
1-2: Fielders Choice at 2nd, 5-4 (Groundball, 56)
Top of the 5th over - 2 run(s), 4 hit(s), 0 error(s), 0 left on base; Pueblo 3 - Washington DC 1
BOTTOM OF THE 5TH
Washington DC Hot Sauce batting - Pitching for Pueblo Prairie Dogs : RHP Cristo Balderas
Batting: RHB Tim Church 0-0: Ball
1-0: Ball
2-0: Foul Ball, location: 2F
2-1: Ball
3-1: Foul Ball, location: 2F
3-2: Ground out 4-3 (Groundball, 4)
Batting: SHB Ethan Finley 0-0: SINGLE (Line Drive, 78S)
Batting: SHB Jack Hendrix 0-0: Called Strike
0-1: Ground out 3-1 (Groundball, 23)
Ethan Finley to second
Batting: RHB Gonzalo García 0-0: Ball
1-0: Ball
2-0: Ground out 6-3 (Groundball, 6)
Bottom of the 5th over - 0 run(s), 1 hit(s), 0 error(s), 1 left on base; Pueblo 3 - Washington DC 1
TOP OF THE 6TH
Pueblo Prairie Dogs batting - Pitching for Washington DC Hot Sauce : RHP Ignacio Rodríguez
Batting: RHB José Zumaya 0-0: Called Strike
0-1: SINGLE (Line Drive, 4MD)
Batting: RHB David Adams 0-0: Ball
1-0: Called Strike
1-1: Ball
2-1: Swinging Strike
2-2: Foul Ball, location: 2F
2-2: Strikes out swinging
Batting: RHB Manny Herrera 0-0: Ball
1-0: Called Strike
1-1: Called Strike
1-2: SINGLE (Groundball, 4D)
José Zumaya to second
Runner from 2nd tries for 3rd, SAFE, throw made to third
Pitching: RHP Chris Horne
Batting: RHB Carlos Villagrama 0-0: Ball
1-0: Called Strike
1-1: Ball
2-1: Called Strike
2-2: SINGLE (Flyball, 8RS)
José Zumaya scores
Manny Herrera to second
Batting: RHB Eric Barthorpe 0-0: Ball
1-0: Ball
2-0: Called Strike
2-1: Swinging Strike
2-2: Foul Ball, location: 2F
2-2: Strikes out swinging
Batting: RHB Jared Williamson 0-0: Ball
1-0: Ball
2-0: Fielders Choice at 2nd, 6-4 (Groundball, 6)
Top of the 6th over - 1 run(s), 3 hit(s), 0 error(s), 1 left on base; Pueblo 4 - Washington DC 1
BOTTOM OF THE 6TH
Washington DC Hot Sauce batting - Pitching for Pueblo Prairie Dogs : RHP Cristo Balderas
Batting: RHB Rafael Cardenas 0-0: Foul Ball, location: 2F
0-1: Foul Ball, location: 2F
0-2: Strikes out swinging
Batting: LHB Vernon Hill 0-0: Ball
1-0: SINGLE (Line Drive, 7LM)
Pitching: RHP Mike Green
Batting: RHB Jesús García 0-0: Ball
Vernon Hill steals 2nd base
1-0: Swinging Strike
1-1: Called Strike
1-2: Strikes out swinging
Batting: SHB Jesús Miranda 0-0: Called Strike
0-1: Foul Ball, location: 2F
0-2: Ball
1-2: DOUBLE (Groundball, 3D)
Vernon Hill scores
Batting: RHB Martín Flores 0-0: Called Strike
0-1: Foul Ball, location: 2F
0-2: Ball
1-2: Ball
2-2: Hit by Pitch
Batting: RHB Tim Church 0-0: Fielders Choice at 2nd, 6-4 (Groundball, 6)
Bottom of the 6th over - 1 run(s), 2 hit(s), 0 error(s), 1 left on base; Pueblo 4 - Washington DC 2
TOP OF THE 7TH
Pueblo Prairie Dogs batting - Pitching for Washington DC Hot Sauce : RHP Chris Horne
Batting: RHB Steve Murphy 0-0: Ball
1-0: Called Strike
1-1: Ball
2-1: Called Strike
2-2: Ball
3-2: SINGLE (Groundball, 6D)
Pitching: RHP Shane Thompson
Batting: RHB Dan Crowder 0-0: Called Strike
0-1: Ball
1-1: Bunted foul
1-2: Ball
2-2: Strikes out swinging
Batting: RHB Clancy Castro 0-0: Grounds into double play, 5-4-3 (Groundball, 5L)
Top of the 7th over - 0 run(s), 1 hit(s), 0 error(s), 0 left on base; Pueblo 4 - Washington DC 2
BOTTOM OF THE 7TH
Washington DC Hot Sauce batting - Pitching for Pueblo Prairie Dogs : RHP Mike Green
Batting: SHB Ethan Finley 0-0: Ball
1-0: DOUBLE (Flyball, 78XD)
Batting: SHB Jack Hendrix 0-0: Ball
Ethan Finley steals 3rd base
1-0: Swinging Strike
1-1: Fly out, F7 (Flyball, 78D)
Runner from 3rd tags up, SCORES, no throw
Batting: RHB Gonzalo García 0-0: Ground out 6-3 (Groundball, 56)
Batting: RHB Rafael Cardenas 0-0: Foul Ball, location: 2F
0-1: Ball
1-1: Ball
2-1: Fly out, F8 (Line Drive, 8LM)
Bottom of the 7th over - 1 run(s), 1 hit(s), 0 error(s), 0 left on base; Pueblo 4 - Washington DC 3
TOP OF THE 8TH
Pueblo Prairie Dogs batting - Pitching for Washington DC Hot Sauce : RHP Shane Thompson
Batting: RHB José Zumaya 0-0: Foul Ball, location: 2F
0-1: Fly out, F9 (Flyball, 9D)
Batting: RHB David Adams 0-0: Called Strike
0-1: Ball
1-1: Called Strike
1-2: Fly out, F3 (Line Drive, 3L)
Batting: RHB Manny Herrera 0-0: Called Strike
0-1: Foul Ball, location: 2F
0-2: Ball
1-2: Strikes out looking
Top of the 8th over - 0 run(s), 0 hit(s), 0 error(s), 0 left on base; Pueblo 4 - Washington DC 3
BOTTOM OF THE 8TH
Washington DC Hot Sauce batting - Pitching for Pueblo Prairie Dogs : RHP Mike Green
Pitching: LHP John Avery
Batting: LHB Vernon Hill 0-0: Hit by Pitch
Pitching: RHP Ángel Morán
Pinch Hitting: RHB Kevin Wilson 0-0: Called Strike
0-1: Ball
1-1: Swinging Strike
1-2: Foul Ball, location: 2F
1-2: Ball
2-2: Foul Ball, location: 2F
2-2: Foul Ball, location: 2F
2-2: Ground out 5-3 (Groundball, 6S)
Vernon Hill to second
Batting: SHB Jesús Miranda 0-0: Ball
1-0: Ball
2-0: Called Strike
2-1: Swinging Strike
2-2: Foul Ball, location: 2F
2-2: Strikes out swinging
Batting: RHB Martín Flores 0-0: SINGLE (Groundball, 56D)
Vernon Hill to third
Runner from 3rd tries for Home, SAFE, no throw
Pinch Hitting: RHB Francisco Luna 0-0: Ball
1-0: Called Strike
1-1: Ball
2-1: Foul Ball, location: 2F
2-2: Strikes out swinging
Bottom of the 8th over - 1 run(s), 1 hit(s), 0 error(s), 1 left on base; Pueblo 4 - Washington DC 4
TOP OF THE 9TH
Pueblo Prairie Dogs batting - Pitching for Washington DC Hot Sauce : RHP Shane Thompson
Pitching: RHP Lyndon Dixon
Now at 1B: Larry O'Sheill
Now at 2B: Kevin Wilson
Batting: RHB Carlos Villagrama 0-0: Ball
1-0: Foul Ball, location: 2F
1-1: Ball
2-1: Swinging Strike
2-2: Foul Ball, location: 2F
2-2: Ball
3-2: Fly out, F8 (Flyball, 8RS)
Pinch Hitting: SHB Pancho Morán 0-0: Ball
1-0: Foul Ball, location: 2F
1-1: Ball
2-1: Ball
3-1: Foul Ball, location: 2F
3-2: Reached on error, E6 (Groundball, 6)
Pinch Hitting: RHB John Newman 0-0: Intentional Walk
Pinch Hitting: RHB Ánibal Barrios 0-0: Called Strike
0-1: Ball
1-1: Called Strike
1-2: Ground out 5-3 (Groundball, 56S)
Pancho Morán to third
John Newman to second
Pinch Hitting: RHB Shigekazu Kaneko 0-0: Called Strike
0-1: Ball
1-1: Ground out 4-3 (Groundball, 4M)
Top of the 9th over - 0 run(s), 0 hit(s), 1 error(s), 2 left on base; Pueblo 4 - Washington DC 4
BOTTOM OF THE 9TH
Washington DC Hot Sauce batting - Pitching for Pueblo Prairie Dogs : RHP Ángel Morán
Now at 1B: Shigekazu Kaneko
Now at 2B: Ánibal Barrios
Now at SS: John Newman
Pinch Hitting: RHB Juan Vélez 0-0: Called Strike
Now at SS: Pancho Morán 0-1: Ball
1-1: Called Strike
1-2: Strikes out swinging
Pinch Hitting: RHB Dan Salazar 0-0: Called Strike
0-1: Ball
1-1: SOLO HOME RUN (Flyball, 7D), Distance : 376 ft
Tuesday, August 8th, 2017 - OOTP Baseball 17.12 Build 75